 Dungeon Crawl Stone Soup version 0.24.0-1-gfbc8707 (webtiles) character file.

Game seed: 13234345696470713708, levelgen mode: deterministic

63127 Illumine the Cleaver (level 14, -8/127 HPs)
             Began as a Minotaur Fighter on Nov 23, 2019.
             Was a High Priest of Okawaru.
             Mangled by an ettin
             ... wielding a +0 dire flail
              (21 damage)
             ... on level 2 of the Orcish Mines.
             The game lasted 00:35:16 (19389 turns).

Illumine the Cleaver (Minotaur Fighter)            Turns: 19389, Time: 00:35:17

Health: -8/127     AC: 25    Str: 28    XL:     14   Next: 66%
Magic:  17/19      EV: 16    Int:  5    God:    Okawaru [*****.]
Gold:   1421       SH: 15    Dex: 10    Spells: 13/13 levels left

rFire    + . .     SeeInvis .   a - +6 hand axe of Elog {speed, Str+2}
rCold    . . .     Gourm    .   c - +0 shield
rNeg     . . .     Faith    .   L - +3 chain mail {MR+}
rPois    .         Spirit   .   J - +1 hat {MR+}
rElec    .         Reflect  .   r - +1 cloak
rCorr    .         Harm     .   D - +0 pair of gloves
MR       +++..                  o - +1 pair of boots {run}
Stlth    ..........             (no amulet)
HPRegen  0.31/turn              d - ring of protection from fire
MPRegen  0.16/turn              (no ring)

@: heroism, quick
A: retaliatory headbutt, horns 2
a: Heroism, Finesse, Renounce Religion


You were on level 2 of the Orcish Mines.
You worshipped Okawaru.
Okawaru was extremely pleased with you.
You were not hungry.

You visited 4 branches of the dungeon, and saw 19 of its levels.

You collected 1521 gold pieces.
You spent 100 gold pieces at shops.

Inventory:

Hand Weapons
 a - the +6 hand axe of Elog (weapon) {speed, Str+2}
   (Okawaru gifted it to you on level 3 of the Lair of Beasts)

   Attacks with this weapon are significantly faster.
   It affects your strength (+2).
 b - a +1 hand crossbow of flaming
 A - a +1 triple crossbow of flaming
 O - the +9 mace of the Mind {crush, Int+4}
   (You found it on level 1 of the Lair of Beasts)

   It inflicts extra damage upon your enemies.
   It affects your intelligence (+4).
 V - a +0 broad axe
Missiles
 n - 216 bolts
 p - 5 throwing nets (quivered)
Armour
 c - a +0 shield (worn)
 o - a +1 pair of boots of running (worn)
 r - a +1 cloak (worn)
 D - a +0 pair of gloves (worn)
 J - a +1 hat of magic resistance (worn)
 L - a +3 chain mail of magic resistance (worn)
 Z - a +2 chain mail of poison resistance
Jewellery
 d - a ring of protection from fire (left hand)
 G - an uncursed ring of fire
 Q - an uncursed ring of resist corrosion
Wands
 h - a wand of enslavement (14)
 C - a wand of iceblast (13)
 M - a wand of polymorph (6)
 U - a wand of acid (6)
 X - a wand of clouds (6)
Scrolls
 e - 3 scrolls of blinking
 i - 2 scrolls of fog
 j - 8 scrolls of teleportation
 l - a scroll of noise {unknown}
 m - 4 scrolls of fear
 u - a scroll of magic mapping
 v - 3 scrolls of immolation
 w - 7 scrolls of remove curse
 y - 2 scrolls of enchant weapon {unknown}
 B - a scroll of enchant armour {unknown}
 I - a scroll of acquirement {unknown}
 N - 4 scrolls of vulnerability {unknown}
 S - 2 scrolls of brand weapon {unknown}
 W - a scroll of holy word {unknown}
 Y - a scroll of torment {unknown}
Potions
 g - 3 potions of lignification
 k - 9 potions of curing
 q - 4 potions of flight
 s - a potion of cancellation {unknown}
 t - 3 potions of mutation
 x - 4 potions of agility {unknown}
 H - 3 potions of brilliance
 P - a potion of haste {unknown}
 T - a potion of resistance {unknown}
Miscellaneous
 K - a phantom mirror
Comestibles
 f - 42 rations


   Skills:
 + Level 12.7(17.7) Fighting
 + Level 13.7(18.7) Axes
   Level 0.8(5.8) Slings
 + Level 9.1(14.1) Crossbows
 + Level 12.6(17.6) Armour
 + Level 11.0(16.0) Dodging
 + Level 12.6(17.6) Shields
 + Level 8.6 Invocations


You had 13 spell levels left.
You didn't know any spells.
Your spell library contained the following spells:

 Spells                   Type           Power        Failure   Level  Hunger
 Animate Skeleton         Necr           N/A          86%         1    ##.....
 Apportation              Tloc           #.....       86%         1    ##.....
 Confusing Touch          Hex            #.....       86%         1    ##.....
 Corona                   Hex            #......      86%         1    ##.....
 Magic Dart               Conj           #...         86%         1    ##.....
 Summon Small Mammal      Summ           #...         86%         1    ##.....
 Blink                    Tloc           N/A          94%         2    ###....
 Call Imp                 Summ           #.......     94%         2    ###....
 Slow                     Hex            #.......     94%         2    ###....
 Conjure Flame            Conj/Fire      #.......     99%         3    ####...
 Inner Flame              Hex/Fire       #.......     99%         3    ####...
 Mephitic Cloud           Conj/Pois/Air  #.......     99%         3    ####...
 Portal Projectile        Hex/Tloc       #.....       99%         3    ####...
 Cause Fear               Hex            #.........   100%        4    #####..
 Leda's Liquefaction      Hex/Erth       #.........   100%        4    #####..
 Irradiate                Conj/Tmut      #.........   100%        5    ######.
 Hydra Form               Tmut           #.........   100%        6    #######
 Statue Form              Tmut/Erth      #........    100%        6    #######
 Dragon Form              Tmut           #.........   100%        7    #######


Dungeon Overview and Level Annotations

Branches:
Dungeon (10/15)            Temple (1/1) D:7            Lair (6/6) D:8
 Shoals (0/4) Lair:2        Snake (0/4) Lair:2        Slime (0/5) Lair:5
    Orc (2/2) D:9             Elf (0/3) Orc:2

Altars:
Ashenzari
Cheibriados
Dithmenos
Elyvilon
Fedhas
Gozag
Hepliaklqana
Kikubaaqudgha
Makhleb
Nemelex Xobeh
Okawaru
Qazlal
Ru
Sif Muna
Trog
Uskayaw
Vehumet
Wu Jian
Xom
Yredelemnul
Zin
The Shining One
Beogh
Jiyva

Shops:
D:4 (   D:7 [   Orc:2 :[

Portals:
Trove: D:10 (give 17 potions of curing)

Annotations:
D:5 3 runed translucent doors, Caerwyn's ghost, novice DgEE
D:8 Psyche


Innate Abilities, Weirdness & Mutations

You reflexively headbutt those who attack you in melee.
You have a pair of horns on your head.


Message History

The ettin is severely wounded.
You gain the combat prowess of a mighty hero.
The ettin hits you with a +0 dire flail!
* * * LOW HITPOINT WARNING * * *
The ettin closely misses you.
You barely miss the ettin. You headbutt the ettin.
The ettin is severely wounded.
Okay, then.
Okay, then.
Things that are here:
a +0 dagger; a +0 robe; an orc corpse Evoke which item? (* to show all) (? for menu, Esc to quit)
Aiming: Iceblast
Press: ? - help, Shift-Dir - straight line The mass of ice explodes!
The iceblast engulfs the ettin!
The ettin is almost dead.
You hear a shout!
You block the ettin's attack.
The ettin hits you with a +0 dire flail!!
You die...

...)).............#
...............##..
.........####### ##
.........#.....#
.........#.)...#
.........').⌠..#
##.......#)....#####
#...###..#.....#...#
##### ######'###@..#
+.........'C_.+
##+###+##.#...#
#.#...# #.##+## #..
###


You could see an ettin.

Vanquished Creatures
  Rupert (Lair:6)
  Gastronok (Lair:3)
  Kirke (Lair:6)
  2 orc warlords
  Azrael (Orc:2)
  Snorg (Lair:6)
  Josephine (D:10)
  Harold (D:7)
  5 hydras
  2 two-headed ogres
  4 death yaks (Lair:6)
  4 orc high priests (Orc:2)
  Pikel (D:4)
  An orc knight (Orc:1)
  A cyclops (Orc:2)
  2 deep elf magi (D:10)
  6 orc sorcerers
  5 black mambas
  Joseph (D:7)
  11 spiny frogs
  3 komodo dragons
  2 trolls
  10 polar bears (Lair:6)
  Prince Ribbit (D:8)
  21 blink frogs
  3 raiju (Lair:6)
  9 hippogriffs
  A wyvern (Lair:6)
  5 wraiths (D:10)
  5 hogs
  A human (D:7)
  29 yaks
  5 fire elementals (Orc:2)
  2 basilisks
  3 hungry ghosts
  Menkaure (D:7)
  6 nagas (Lair:2)
  7 wargs
  7 water moccasins
  7 porcupines
  15 hell hounds
  12 black bears
  45 orc warriors
  A swamp drake (D:10)
  An ice beast (D:9)
  A phantom (D:6)
  13 wolves (Lair:6)
  13 ogres
  5 centaurs
  11 crocodiles
  2 big kobolds
  9 bullfrogs
  3 scorpions
  A water moccasin skeleton (D:4)
  An electric eel (Lair:4)
  6 crimson imps
  7 hounds
  2 centaur zombies
  An iron imp (D:10)
  23 orc priests
  2 jellies
  Crazy Yiuf (D:6)
  2 bullfrog skeletons
  A centaur skeleton (D:4)
  4 iguanas
  15 orc wizards
  8 worker ants
  A hound zombie (D:5)
  A worker ant zombie (D:9)
  10 gnolls (D:4)
  9 adders
  3 shadow imps
  A white imp (D:10)
  4 oozes
  2 adder skeletons (D:9)
  An adder zombie (D:8)
  2 worms
  A dart slug (D:2)
  8 leopard geckos
  110 orcs
  10 giant cockroaches
  8 goblins
  6 hobgoblins
  4 jackals (D:1)
  3 quokkas
  3 ball pythons
  6 bats
  8 frilled lizards
  A jackal skeleton (D:6)
  12 kobolds
  9 rats
  A spectral orc (D:6)
  3 fungi (Lair:6)
  A plant (Lair:6)
613 creatures vanquished.

Vanquished Creatures (others)
  3 humans (Lair:6)
  An orc wizard (D:10)
  An ooze (D:4)
  3 bushes (Lair:6)
  11 fungi
  31 plants
50 creatures vanquished.

Grand Total: 663 creatures vanquished

Notes
Turn   | Place    | Note
-------+----------+-------------------------------------------
     0 | D:1      | Illumine the Minotaur Fighter began the quest for the Orb.
     0 | D:1      | Reached XP level 1. HP: 19/19 MP: 0/0
   140 | D:1      | Reached XP level 2. HP: 25/27 MP: 1/1
   606 | D:2      | Reached XP level 3. HP: 33/33 MP: 2/2
   924 | D:2      | Reached skill level 3 in Axes
   937 | D:2      | Found a burning altar of Makhleb.
   942 | D:2      | Noticed a balrug
  1391 | D:3      | Reached XP level 4. HP: 35/40 MP: 3/3
  1395 | D:3      | Reached skill level 1 in Dodging
  1427 | D:3      | Found a blossoming altar of Fedhas.
  1804 | D:4      | Noticed an ogre
  1812 | D:4      | Killed an ogre
  1812 | D:4      | Reached skill level 4 in Axes
  1812 | D:4      | Reached XP level 5. HP: 31/47 MP: 4/4
  1845 | D:4      | Reached skill level 5 in Shields
  1845 | D:4      | Reached XP level 6. HP: 33/53 MP: 5/5
  1864 | D:4      | Reached skill level 5 in Armour
  2100 | D:4      | Reached skill level 5 in Axes
  2112 | D:4      | Reached skill level 5 in Fighting
  2126 | D:4      | Found Ucsaok's Antique Weapon Emporium.
  2131 | D:4      | Bought a broad axe for 100 gold pieces
  2140 | D:4      | Noticed a slave
  2141 | D:4      | Noticed Pikel
  2141 | D:4      | Noticed a slave
  2142 | D:4      | Noticed a slave
  2142 | D:4      | Noticed a slave
  2150 | D:4      | Killed Pikel
  2150 | D:4      | Reached skill level 6 in Axes
  2150 | D:4      | Reached XP level 7. HP: 23/62 MP: 6/6
  2292 | D:4      | Reached XP level 8. HP: 37/70 MP: 7/7
  2482 | D:4      | Reached skill level 7 in Axes
  2805 | D:4      | Found an opulent altar of Gozag.
  3064 | D:5      | Entered Level 5 of the Dungeon
  3266 | D:5      | Found a runed translucent gate.
  3267 | D:5      | Found a runed translucent gate.
  3268 | D:5      | Found a runed translucent gate.
  3270 | D:5      | Identified the +11 dagger of Action {venom, *Drain rN++ MR+
                  | Dex+3}
  3271 | D:5      | Noticed Caerwyn's ghost (novice DgEE)
  3872 | D:6      | Found a basalt altar of Yredelemnul.
  4073 | D:6      | Found an opulent altar of Gozag.
  4102 | D:6      | Found a sparkling altar of Nemelex Xobeh.
  4161 | D:6      | Found a runed translucent door.
  4162 | D:6      | Noticed Crazy Yiuf
  4375 | D:6      | Killed Crazy Yiuf
  4375 | D:6      | Reached skill level 8 in Axes
  4397 | D:7      | Noticed Menkaure
  4403 | D:7      | Killed Menkaure
  4597 | D:7      | Found a staircase to the Ecumenical Temple.
  4617 | Temple   | Entered the Ecumenical Temple
  4712 | Temple   | Became a worshipper of Warmaster Okawaru
  4746 | D:7      | Found a snail-covered altar of Cheibriados.
  4755 | D:7      | Noticed Harold
  4769 | D:7      | Killed Harold
  4769 | D:7      | Reached * piety under Okawaru
  4769 | D:7      | Reached skill level 9 in Axes
  4769 | D:7      | Reached skill level 5 in Dodging
  4769 | D:7      | Reached XP level 9. HP: 62/79 MP: 8/8
  4902 | D:7      | Found Ibigiaff's Armour Boutique.
  4918 | D:7      | Found an iron altar of Okawaru.
  5185 | D:7      | Noticed Joseph
  5203 | D:7      | Killed Joseph
  5432 | D:7      | Reached ** piety under Okawaru
  5437 | D:7      | Reached skill level 10 in Axes
  5702 | D:7      | Found a bloodstained altar of Trog.
  5702 | D:7      | Found a shimmering blue altar of Sif Muna.
  5779 | D:8      | Found a shimmering altar of Xom.
  5799 | D:8      | Reached XP level 10. HP: 65/88 MP: 9/9
  5945 | D:8      | Noticed Prince Ribbit
  5953 | D:8      | Reached skill level 1 in Invocations
  5959 | D:8      | Killed Prince Ribbit
  5994 | D:8      | Reached *** piety under Okawaru
  6072 | D:8      | Found a stormy altar of Qazlal.
  6160 | D:8      | Found a staircase to the Lair.
  6252 | D:8      | Noticed Psyche
  6657 | D:9      | Noticed a two-headed ogre
  6664 | D:9      | Killed a two-headed ogre
  6664 | D:9      | Reached skill level 1 in Crossbows
  6795 | D:9      | Reached **** piety under Okawaru
  6980 | D:9      | Found a staircase to the Orcish Mines.
  7351 | D:10     | Entered Level 10 of the Dungeon
  7472 | D:10     | Noticed a two-headed ogre
  7480 | D:10     | Killed a two-headed ogre
  7633 | D:10     | Noticed a deep elf mage
  7636 | D:10     | Noticed a deep elf mage
  7642 | D:10     | Killed a deep elf mage
  7642 | D:10     | Reached XP level 11. HP: 54/97 MP: 12/12
  7657 | D:10     | Killed a deep elf mage
  7657 | D:10     | Reached skill level 11 in Axes
  8112 | D:10     | Found a portal to a secret trove of treasure.
  8291 | D:10     | Noticed Josephine
  8300 | D:10     | Killed Josephine
  8300 | D:10     | Received a gift from Okawaru
  8300 | D:10     | Reached ***** piety under Okawaru
  8750 | Lair:1   | Entered Level 1 of the Lair of Beasts
  8760 | Lair:1   | Received a gift from Okawaru
  8942 | Lair:1   | HP: 3/97 [komodo dragon (12)]
  9213 | Lair:1   | Noticed an eight-headed hydra
  9225 | Lair:1   | Killed an eight-headed hydra
  9226 | Lair:1   | Received a gift from Okawaru
  9242 | Lair:1   | Got a warped mace
  9243 | Lair:1   | Identified the +9 mace of the Mind {crush, Int+4} (You
                  | found it on level 1 of the Lair of Beasts)
 10574 | Lair:2   | Received a gift from Okawaru
 10574 | Lair:2   | Reached skill level 10 in Shields
 10579 | Lair:2   | Reached skill level 10 in Armour
 10778 | Lair:2   | Found a staircase to the Shoals.
 10808 | Lair:2   | Reached skill level 10 in Fighting
 10894 | Lair:2   | Reached XP level 12. HP: 88/106 MP: 14/14
 11054 | Lair:2   | Reached skill level 5 in Crossbows
 11054 | Lair:2   | Reached skill level 5 in Invocations
 11089 | Lair:2   | Found a staircase to the Snake Pit.
 11942 | Lair:3   | Noticed Gastronok
 11961 | Lair:3   | Killed Gastronok
 11961 | Lair:3   | Received a gift from Okawaru
 11961 | Lair:3   | Reached skill level 12 in Axes
 11962 | Lair:3   | Got a bloodstained hand axe {god gift}
 11963 | Lair:3   | Identified the +6 hand axe of Elog {speed, Str+2} (Okawaru
                  | gifted it to you on level 3 of the Lair of Beasts)
 13760 | Lair:5   | Found a staircase to the Slime Pits.
 13761 | Lair:5   | Found a viscous altar of Jiyva.
 13775 | Lair:5   | Received a gift from Okawaru
 13792 | Lair:5   | Reached ****** piety under Okawaru
 13958 | Lair:5   | Received a gift from Okawaru
 14093 | Lair:6   | Entered Level 6 of the Lair of Beasts
 14093 | Lair:6   | Noticed Kirke
 14093 | Lair:6   | Noticed a six-headed hydra
 14203 | Lair:6   | Killed a six-headed hydra
 14203 | Lair:6   | Reached XP level 13. HP: 84/116 MP: 16/16
 14390 | Lair:6   | Killed Kirke
 14390 | Lair:6   | Received a gift from Okawaru
 14741 | Lair:6   | Noticed Snorg
 14776 | Lair:6   | HP: 1/116 [death yak (20)]
 15070 | Lair:6   | Killed Snorg
 15070 | Lair:6   | Reached skill level 10 in Dodging
 15133 | Lair:6   | Noticed Rupert
 15320 | Lair:6   | Killed Rupert
 15320 | Lair:6   | Reached skill level 13 in Axes
 15969 | Lair:6   | Received a gift from Okawaru
 16227 | Lair:6   | Received a gift from Okawaru
 16244 | Lair:6   | Reached XP level 14. HP: 118/126 MP: 18/18
 16253 | Lair:6   | Identified a +1 pair of boots of running (Okawaru gifted it
                  | to you on level 6 of the Lair of Beasts)
 16748 | Orc:1    | Entered Level 1 of the Orcish Mines
 17193 | Orc:1    | Noticed an orc warlord
 17236 | Orc:1    | Killed an orc warlord
 17476 | Orc:2    | Entered Level 2 of the Orcish Mines
 17691 | Orc:2    | Noticed Azrael
 17718 | Orc:2    | Killed Azrael
 18093 | Orc:2    | Noticed an orc warlord
 18125 | Orc:2    | Killed an orc warlord
 18126 | Orc:2    | Found a roughly hewn altar of Beogh.
 18179 | Orc:2    | Received a gift from Okawaru
 18521 | Orc:2    | Found Sinkow's Book Shop.
 18781 | Orc:2    | Found Ytteif's Antique Armour Shoppe.
 19087 | Orc:2    | Found a staircase to the Elven Halls.
 19368 | Orc:2    | Found a roughly hewn altar of Beogh.
 19389 | Orc:2    | Mangled by an ettin

Levels and vault maps discovered:
D:1:      ncdulo_halloftheorcs, layout_basic, minmay_misc_feat_iff
D:2:      layout_basic, makhleb_altar_promises_db, minivault_24
D:3:      layout_rooms, nicolae_overflow_hidden_temple
D:4:      layout_basic, first_ration, serial_shops, nicolae_shop_statue_plus,
          grunt_gozag_breadcrumbs, uniq_pikel
D:5:      layout_basic, gammafunk_ghost_nasty_kobolds, minivault_24,
          minmay_diced_spiral
D:6:      layout_basic, nemelex_altar_shiori, lemuel_round_altar,
          yredelemnul_forgotten_temple_becter, uniq_crazy_yiuf_cottage
D:7:      layout_basic, overflow_temple_1_default,
          gammafunk_temple_overflow_elements, minmay_temple_entry_grid,
          serial_shops, shop, grunt_livestock, serial_bayou_pond_c,
          grunt_ministairs_8, okawaru_ov_weapons_minmay, uniq_harold,
          uniq_menkaure, uniq_joseph
D:8:      layout_rooms, lemuel_coloured_pillars_altar, lemuel_crystal_altar,
          lair_entry_dummy, uniq_psyche, uniq_prince_ribbit1
D:9:      layout_loops_cross, david_orc_2
D:10:     layout_grid_maze, nicolae_trove_entry_crystal,
          minmay_misc_feat_square, hangedman_minor_magic, uniq_josephine
Temple:   nicolae_temple_hex_pool
Lair:1:   layout_hall_layers, grunt_megastairs_3
Lair:2:   layout_layer_cave, elwin_shoals_entry_rocks,
          minmay_snake_entry_guardpost_large
Lair:3:   layout_regular_city, uniq_gastronok
Lair:4:   layout_gridlike
Lair:5:   layout_cave_shapes, slime_altar_1
Lair:6:   hangedman_lair_caniforms_friends, layout_loops_ring, uniq_kirke,
          uniq_rupert, uniq_snorg
Orc:1:    layout_caves
Orc:2:    pubby_orc_utopia, uniq_azrael

Skill      XL: |  1  2  3  4  5  6  7  8  9 10 11 12 13 14 |
---------------+-------------------------------------------+-----
Shields        | 4 5 6 7 8 9 10 11 12 | 12.6
Armour         | 4 5 7 8 9 10 11 12 | 12.6
Fighting       | 4 5 7 8 9 10 11 12 | 12.7
Axes           | 3 4 6 9 10 11 12 13 | 13.7
Dodging        | 1 2 3 5 6 7 8 9 10 11 | 11.0
Invocations    | 3 4 6 7 8 |  8.6
Crossbows      | 2 4 6 8 9 |  9.1
Slings         | |  0.8

Action                   |  1- 3 |  4- 6 |  7- 9 | 10-12 | 13-15 || total
-------------------------+-------+-------+-------+-------+-------++-------
Melee: War axe           |   116 |    76 |       |       |       ||   192
       Headbutt          |     9 |    13 |    37 |   130 |   230 ||   419
       Broad axe         |       |     7 |   187 |   366 |       ||   560
       Mace              |       |       |       |    29 |    23 ||    52
       Hand axe          |       |       |       |   167 |   964 ||  1131
 Fire: Hand crossbow     |       |       |       |    14 |     3 ||    17
       Hunting sling     |       |       |       |     2 |       ||     2
Invok: Heroism           |       |       |       |     4 |    12 ||    16
       Finesse           |       |       |       |       |     4 ||     4
Evoke: Wand              |       |       |       |     6 |     1 ||     7
  Use: Scroll            |       |       |     8 |     6 |     2 ||    16
       Potion            |       |       |       |     2 |     2 ||     4
  Eat: Chunk             |     2 |     2 |    11 |    15 |    13 ||    43
       Ration            |       |       |       |     5 |     1 ||     6
Armor: Scale mail        |    51 |       |       |       |       ||    51
       Chain mail        |    20 |    45 |    84 |     5 |   168 ||   322
       Ring mail         |       |       |       |    48 |       ||    48
       Plate armour      |       |       |       |   189 |    31 ||   220
Dodge: Dodged            |    39 |    30 |    46 |   197 |   238 ||   550
Block: Shield            |    82 |    57 |   100 |   342 |   388 ||   969
